 Dungeon Crawl Stone Soup version 0.32-a0-42-ga30500b4d3 (webtiles) character file.

Game seed: 15502012233830241079

917 lunkers the Spear-Bearer (level 8, -1/87 HPs)
             Began as an Oni Berserker on Feb 1, 2024.
             Was a Priest of Trog.
             Slain by a sky beast (5 damage)
             ... on level 6 of the Dungeon.
             The game lasted 00:07:47 (4723 turns).

lunkers the Spear-Bearer (Oni Berserker)            Turns: 4723, Time: 00:07:47

Health: -1/87      AC:  3    Str: 24    XL:     8   Next: 9%
Magic:  8/8        EV: 10    Int:  8    God:    Trog [***...]
Gold:   232        SH:  0    Dex:  8    Spells: 7/7 levels left

rFire   . . .        a - +0 spear
rCold   . . .        (no shield)
rNeg    . . .        b - +0 animal skin
rPois   .            (helmet restricted)
rElec   .            (no cloak)
rCorr   .            (gloves unavailable)
SInv    .            (boots unavailable)
Will    .....        (no amulet)
Stlth   +            (no ring)
HPRegen 0.34/turn    (no ring)
MPRegen 0.11/turn

%: no passive effects
@: on berserk cooldown, slowed, very slow
A: large, unfitting armour, horns 1, tough skin 1, double potion healing,
drunken brawling
a: Renounce Religion, Berserk, Trog's Hand


You were on level 6 of the Dungeon.
You worshipped Trog.
Trog was most pleased with you.
You visited 1 branch of the dungeon, and saw 6 of its levels.

You collected 232 gold pieces.

Inventory:

Hand Weapons
 a - a +0 spear (weapon)
Missiles
 i - 3 javelins
 n - 15 stones (quivered)
 u - 2 throwing nets
 w - 6 boomerangs
 x - 2 large rocks
Armour
 b - a +0 animal skin (worn)
Jewellery
 f - an amulet of faith
 s - a ring of positive energy
Talismans
 m - a granite talisman
Scrolls
 c - a scroll of poison {unknown}
 g - a scroll of acquirement {unknown}
 h - 10 scrolls of identify {unknown}
 k - 2 scrolls of brand weapon {unknown}
 l - 3 scrolls of fear {unknown}
 p - 3 scrolls of teleportation {unknown}
 q - a scroll of blinking {unknown}
 r - a scroll of fog {unknown}
 v - a scroll of revelation {unknown}
 y - a scroll of vulnerability {unknown}
Potions
 d - 4 potions of curing {unknown}
 e - 2 potions of enlightenment {unknown}
 j - 2 potions of mutation {unknown}
 o - a potion of might {unknown}
 t - 2 potions of brilliance {unknown}


   Skills:
 + Level 7.4 Fighting
 * Level 8.2 Polearms
 - Level 2.6 Dodging


You had 7 spell levels left.
You didn't know any spells.
Your spell library was empty.

Dungeon Overview and Level Annotations

Branches:
Dungeon (6/15)
 Temple: D:4-7

Altars:
Hepliaklqana
Nemelex Xobeh
Okawaru
Qazlal

Shops:
D:1 (   D:4 [


Innate Abilities, Weirdness & Mutations

You are too large for most types of armour.
You have a pair of small horns on your head.
You have tough skin. (AC +1)
You gain doubled healing and magic from potions.
Whenever you drink a healing potion, you attack all around you.


Message History

The orc hits you with a +0 flail.
* * * LOW HITPOINT WARNING * * *
The orc closely misses you.
Reach: a) +0 spear
Press: ? - help, Dir - move target, f/p - orc
Aim: an orc, wielding a +0 flail (heavily wounded, about 35% to evade your +0 spear)
You hit the orc.
You kill the orc!
Trog accepts your kill.
Unknown command.
You hit something. Your headbutt misses something. Your punch misses something.
Something hits you.
* * * LOW HITPOINT WARNING * * *
Something shocks you.
* * * LOW HITPOINT WARNING * * *
You closely miss something. Your headbutt misses something. Something hits you.
* * * LOW HITPOINT WARNING * * *
Something shocks you.
* * * LOW HITPOINT WARNING * * *
You miss something. Your headbutt misses something.
Something hits you but does no damage.
Unknown command.
You hit something but do no damage. Something hits you but does no damage.
Unknown command.
You barely miss something. Something hits you.
* * * LOW HITPOINT WARNING * * *
Something shocks you.
* * * LOW HITPOINT WARNING * * *
You hit something. Something hits you.
* * * LOW HITPOINT WARNING * * *
Something shocks you.
* * * LOW HITPOINT WARNING * * *
You closely miss something. Something hits you.
* * * LOW HITPOINT WARNING * * *
Something shocks you.
* * * LOW HITPOINT WARNING * * *
You miss something. Something hits you.
* * * LOW HITPOINT WARNING * * *
Something shocks you.
You die...

.#.#..#......
............
.#.#....... ..........
.#.#.#.....
..........#
#....#....#
#....#....######
#....#.....)@..#
#....#.....###.#
#....#.....###.#####.#
#....#...♣P...........
#....#...~~~P##.####.#
#..).###P~~~.##.#
#<.......~PP....#
#################


There were no monsters in sight!

Vanquished Creatures
  A water moccasin (D:5)
  3 phantoms
  A jelly (D:5)
  4 bombardier beetles
  An orc priest (D:4)
  2 hounds
  A sleepcap (D:4)
  4 orc wizards
  An iguana (D:3)
  6 gnolls (D:4)
  3 adders
  3 dart slugs
  2 ribbon worms (D:4)
  15 orcs
  9 bats
  11 endoplasms
  A giant cockroach (D:2)
  6 goblins
  9 hobgoblins
  4 jackals (D:1)
  4 quokkas
  7 ball pythons
  4 frilled lizards
  9 kobolds
  6 rats
117 creatures vanquished.

Notes
Turn   | Place    | Note
-------+----------+-------------------------------------------
     0 | D:1      | lunkers the Oni Berserker began the quest for the Orb.
     0 | D:1      | Reached XP level 1. HP: 24/24 MP: 1/1
    64 | D:1      | Reached XP level 2. HP: 25/32 MP: 2/2
   207 | D:1      | Found Inwad's Weapon Emporium.
   273 | D:1      | Reached skill level 4 in Polearms
   278 | D:1      | Found a faded altar of an unknown god.
   320 | D:1      | Reached XP level 3. HP: 35/39 MP: 3/3
   336 | D:1      | Reached ** piety under Trog
  1117 | D:2      | Reached XP level 4. HP: 48/48 MP: 4/4
  1662 | D:3      | Reached skill level 5 in Polearms
  1668 | D:3      | Reached XP level 5. HP: 36/55 MP: 5/5
  2582 | D:4      | Reached skill level 5 in Fighting
  2776 | D:4      | Reached XP level 6. HP: 54/66 MP: 6/6
  2824 | D:4      | Reached skill level 6 in Polearms
  2914 | D:4      | Found a sparkling altar of Nemelex Xobeh.
  2916 | D:4      | Found a stormy altar of Qazlal.
  3186 | D:4      | Reached XP level 7. HP: 75/75 MP: 7/7
  3189 | D:4      | Reached *** piety under Trog
  3512 | D:4      | Found Woehicsy's Armour Boutique.
  3583 | D:4      | Reached skill level 7 in Polearms
  3608 | D:4      | Found an iron altar of Okawaru.
  3687 | D:5      | Entered Level 5 of the Dungeon
  3953 | D:5      | Found a hazy altar of Hepliaklqana.
  4138 | D:5      | Reached skill level 8 in Polearms
  4138 | D:5      | Reached XP level 8. HP: 73/87 MP: 8/8
  4723 | D:6      | HP: 4/87 [something (1)]
  4723 | D:6      | Slain by a sky beast

Illustrated notes

Levels and vault maps discovered:
D:1:      minmay_arrival_radiant_lines, layout_basic,
          shapermc_ecumenical_altar_pompeii, serial_shops,
          nicolae_shop_bloodbath_and_beyond
D:2:      layout_basic
D:3:      layout_basic
D:4:      layout_loops_ring, lemuel_coloured_pillars_altar,
          nicolae_overflow_squiral, serial_shops, shop
D:5:      layout_loops_ring, nicolae_hepliaklqana_hazy_memory,
          hangedman_abyss_or_decor_passed
D:6:      layout_basic, serial_glass, glass_columns_a, glass_columns_c,
          serial_bayou_pond_d, serial_park_tiny_2, uniq_duvessa

Skill      XL: |  1  2  3  4  5  6  7 |
---------------+----------------------+-----
Polearms       | 4 5 6 8 |  8.2
Fighting       | 5 6 7 |  7.4
Dodging        | |  2.6

Action                     |  1- 3 |  4- 6 |  7- 9 || total
---------------------------+-------+-------+-------++-------
  Melee: Spear             |   132 |   168 |   148 ||   448
         Headbutt          |     9 |    21 |    14 ||    44
  Throw: Javelin           |     2 |       |       ||     2
         Stone             |       |       |    13 ||    13
 Invoke: Berserk           |       |     5 |     3 ||     8
   Stab: Sleeping          |       |     1 |       ||     1
 Armour: Animal skin       |    64 |    64 |    72 ||   200
  Dodge: Dodged            |    40 |    46 |    35 ||   121

Table legend: (Time is in decaauts)
 A = Elapsed time spent in this place.
 B = Non-inter-level travel time spent in this place.
 C = Inter-level travel time spent in this place.
 D = Time resting spent in this place.
 E = Time spent auto-exploring this place.
 F = Levels seen in this place.
 G = Mean time per level.
                   A        B        C        D        E       F      G
               +--------+--------+--------+--------+--------+-----+--------+
         Total |   4718 |   4607 |    111 |     12 |   3864 |   6 |  786.3 |
       Dungeon |   4718 |   4607 |    111 |     12 |   3864 |   6 |  786.3 |
               +--------+--------+--------+--------+--------+-----+--------+

Top non-repeatable levels by time:
     D:4: 1148 daAuts
     D:5: 977 daAuts
     D:3: 971 daAuts
     D:2: 953 daAuts
     D:1: 604 daAuts
     D:6: 62 daAuts
